 Dungeon Crawl Stone Soup version 0.18.1-6-gd335043 (webtiles) character file.

633 kae the Poker (level 7, -2/67 HPs)
             Began as a Naga Fighter on May 19, 2016.
             Slain by a gnoll shaman
             ... wielding a +0 club
              (7 damage)
             ... on level 4 of the Dungeon.
             The game lasted 00:05:25 (4835 turns).

kae the Poker (Naga Fighter)                        Turns: 4835, Time: 00:05:25

Health: -2/67      AC: 11    Str: 20    XL:     7   Next: 49%
Magic:  7/7        EV:  8    Int:  9    God:
Gold:   244        SH:  0    Dex: 12    Spells: 0 memorised, 6 levels left

rFire  . . .     SeeInvis +     d - +2 halberd (protect)
rCold  . . .     Gourm    .     u - -1 ring mail
rNeg   . . .     Faith    .     (shield currently unavailable)
rPois  +         Spirit   .     (no helmet)
rElec  .         Dismiss  .     i - +0 cloak
rCorr  .         Reflect  .     l - +0 pair of gloves
SustAt .         Harm     .     (no barding)
MR     .....                    (no amulet)
Stlth  +.........               (no ring)
                                r - +2 ring of strength

@: glowing, very slow, not resistant to hostile enchantments, very unstealthy
A: see invisible, deformed body, poison resistance, slowness 2, slow metabolism
1, spit poison 2, AC +2
a: Spit Poison


You were on level 4 of the Dungeon.
You were hungry.

You visited 1 branch of the dungeon, and saw 4 of its levels.

You collected 244 gold pieces.

Inventory:

Hand Weapons
 a - a +1 trident
 d - a +2 halberd of protection (weapon)
 g - a -3 halberd
Armour
 b - a +0 scale mail
 c - a +0 shield
 i - a +0 cloak (worn)
 l - a +0 pair of gloves (worn)
 u - a -1 ring mail (worn)
Jewellery
 r - a +2 ring of strength (left hand)
Scrolls
 e - 4 scrolls of identify
 j - a scroll of immolation
 k - 2 scrolls of noise
Comestibles
 f - 5 bread rations
 h - 5 meat rations
 q - 2 beef jerkies


   Skills:
 + Level 5.2 Fighting
 * Level 6.8 Polearms
 - Level 2.4 Armour
 - Level 2.4 Shields


You had 6 spell levels left.
You didn't know any spells.

Dungeon Overview and Level Annotations

Branches:
Dungeon (4/15)
 Temple: D:4-7

Altars:
Ashenzari
Dithmenos
Pakellas
Trog
Vehumet
Yredelemnul
The Shining One


Innate Abilities, Weirdness & Mutations

You cannot wear boots.
Your serpentine skin is tough (AC +2).
You have supernaturally acute eyesight.
Armour fits poorly on your strangely shaped body.
Your system is resistant to poisons.
You cover ground very slowly.
You have a slow metabolism.
You can spit poison.


Message History

Wield which item (- for none, * to show all)? (? for menu, Esc to quit)
You feel protected!
d - a +2 halberd of protection (weapon)
Read which item? (? for menu, Esc to quit)
Okay, then.
You aren't carrying any potions.
You slice into the net.
The gnoll shaman mumbles some strange prayers to its god against you.
You are outlined in light.
The gnoll hits you but does no damage.
You slice the net and break free! The gnoll shaman misses you.
The gnoll barely misses you.
You hit the gnoll.
The gnoll is moderately wounded.
The gnoll shaman calls upon its god to heal the gnoll.
The gnoll's wounds heal themselves!
The gnoll hits you with a flail.
* * * LOW HITPOINT WARNING * * *
The gnoll hits you from afar with a spear.
* * * LOW HITPOINT WARNING * * *
The gnoll shaman hits you with a club!
You die...

...P≈≈#...#######################
....≈≈###'#,,..* *...#*...#,,,
....≈≈≈.#.#,,,.########...,######
.P..≈≈≈.#,*,,,........#.(..#g.ggg
....≈≈≈.#,**''#.........≈≈......g
....≈≈≈.#,,,,,#†.......(≈≈.......
....≈≈≈.#,,,,,#g%g....#.gg.#.....
....≈≈≈.#,****#g#################
....≈≈≈.#,*,,,#.@.....))...).....
....≈≈≈.#,,,*,#.......#.÷))#.....
[..P≈≈###'#,,,#.......#....#.....
....≈≈#...#############''')######
....≈≈#gg.#.............)[.)((...
(...≈≈#####≈≈≈≈≈≈≈≈≈≈≈≈....≈≈≈≈≈≈
....≈≈≈≈≈≈≈≈≈≈≈≈≈≈≈≈≈≈≈....≈≈≈≈≈≈
....≈≈≈≈≈≈≈≈≈≈≈≈≈≈≈≈≈≈≈†...≈≈≈≈≈≈
.....P...........................


You could see a gnoll shaman and a gnoll.

Vanquished Creatures
  A gnoll sergeant (D:4)
  2 orc priests (D:3)
  2 orc wizards (D:3)
  6 adders
  31 gnolls
  A worm (D:2)
  4 dart slugs (D:1)
  3 giant geckos
  6 orcs (D:3)
  8 bats
  3 giant cockroaches (D:2)
  7 goblins
  8 hobgoblins
  15 jackals
  2 giant newts (D:1)
  4 kobolds (D:1)
  9 rats
112 creatures vanquished.

Notes
Turn   | Place    | Note
--------------------------------------------------------------
     0 | D:1      | kae the Naga Fighter began the quest for the Orb.
     0 | D:1      | Reached XP level 1. HP: 21/21 MP: 1/1
    58 | D:1      | Reached XP level 2. HP: 20/28 MP: 2/2
   285 | D:1      | Reached skill level 3 in Polearms
   452 | D:1      | Reached XP level 3. HP: 34/34 MP: 3/3
   672 | D:1      | Found a shattered altar of Ashenzari.
  1048 | D:2      | Found a bloodstained altar of Trog.
  1104 | D:2      | Found a shadowy altar of Dithmenos.
  1281 | D:2      | Found a glowing golden altar of the Shining One.
  1295 | D:2      | Found a basalt altar of Yredelemnul.
  1701 | D:2      | Found a radiant altar of Vehumet.
  1787 | D:2      | Reached XP level 4. HP: 36/42 MP: 4/4
  1818 | D:2      | Noticed an angel
  1922 | D:3      | Reached skill level 4 in Polearms
  2305 | D:3      | Found a faded altar to an unknown god.
  2350 | D:3      | Reached XP level 5. HP: 50/50 MP: 5/5
  2448 | D:3      | Reached skill level 5 in Polearms
  2722 | D:3      | Reached XP level 6. HP: 48/57 MP: 6/6
  2948 | D:4      | Found an oddly glowing altar of Pakellas.
  3217 | D:4      | HP: 4/85 [gnoll (3)]
  4154 | D:4      | Reached skill level 6 in Polearms
  4355 | D:4      | Reached XP level 7. HP: 58/66 MP: 7/7
  4401 | D:4      | Reached skill level 5 in Fighting
  4835 | D:4      | Slain by a gnoll shaman

Skill      XL: |  1  2  3  4  5  6  7 |
---------------+----------------------+-----
Polearms       | 3 4 5 6 |  6.8
Fighting       | 4 5 |  5.2
Armour         | |  2.4
Shields        | |  2.4

Action                   |  1- 3 |  4- 6 |  7- 9 || total
-------------------------+-------+-------+-------++-------
Melee: Trident           |   171 |   236 |    41 ||   448
       Halberd           |       |       |    37 ||    37
  Use: Potion            |       |     7 |       ||     7
       Scroll            |       |     8 |     1 ||     9
  Eat: Chunk             |     1 |     8 |     1 ||    10
Armor: Scale mail        |    70 |    38 |       ||   108
       Ring mail         |       |    29 |    18 ||    47
       Skin              |       |     9 |       ||     9
Dodge: Dodged            |    28 |    43 |    24 ||    95
Block: Shield            |    77 |    74 |    21 ||   172
